 Dungeon Crawl Stone Soup version 0.20.0-15-g7f486f2 (webtiles) character file.

328 Inchmeat the Slasher (level 6, -1/47 HPs)
             Began as a Barachi Fighter on June 29, 2017.
             Was an Initiate of Makhleb.
             Slain by a river rat (3 damage)
             ... summoned by Eustachio
             ... on level 4 of the Dungeon.
             The game lasted 00:07:32 (2660 turns).

Inchmeat the Slasher (Barachi Fighter)              Turns: 2660, Time: 00:07:33

Health: -1/47      AC:  7    Str: 20    XL:     6   Next: 50%
Magic:  6/6        EV:  8    Int:  8    God:    Makhleb [......]
Gold:   143        SH:  9    Dex: 11    Spells: 5/5 levels left

rFire    . . .     SeeInvis .   a - +0 long sword
rCold    . . .     Gourm    .   c - +0 shield
rNeg     . . .     Faith    .   b - +1 scale mail
rPois    .         Spirit   .   (no helmet)
rElec    .         Reflect  .   (no cloak)
rCorr    .         Harm     .   (no gloves)
MR       .....                  (no boots)
Stlth    ..........             (no amulet)
Regen    0.2/turn               (no ring)
MPRegen  0.1/turn               (no ring)

@: can't hop, slow
A: +LOS, swims, slowness 1, strong legs 1
a: Hop, Renounce Religion


You were on level 4 of the Dungeon.
You worshipped Makhleb.
Makhleb was noncommittal.
You were not hungry.

You visited 1 branch of the dungeon, and saw 4 of its levels.

You collected 143 gold pieces.

Inventory:

Hand Weapons
 a - a +0 long sword (weapon)
Armour
 b - a +1 scale mail (worn)
 c - a +0 shield (worn)
 n - a +0 chain mail
Scrolls
 d - a scroll of immolation
 k - a scroll of remove curse
 l - 6 scrolls of identify
 m - a scroll of recharging
 q - a scroll of magic mapping {unknown}
Potions
 s - a potion of cancellation
Comestibles
 f - a bread ration
 h - a royal jelly
 j - 2 meat rations


   Skills:
 - Level 3.6 Fighting
 * Level 7.8 Long Blades
 - Level 3.6 Armour
 + Level 1.4 Dodging
 - Level 3.2 Shields


You had 5 spell levels left.
You didn't know any spells.

Dungeon Overview and Level Annotations

Branches:
Dungeon (4/15)
 Temple: D:4-7

Altars:
Fedhas
Makhleb
Zin

Annotations:
D:4 Eustachio


Innate Abilities, Weirdness & Mutations

Shadows flee at your approach. (+LOS)
You can swim through water.
You cover ground slowly.
You can hop short distances.


Message History

Eustachio zaps a wand.
The puff of flame hits you!
* * * LOW HITPOINT WARNING * * *
You block the river rat's attack.
The quokka bites you but does no damage.
Okay, then.
The bat hits you but does no damage. You block the quokka's attack.
The quokka bites you but does no damage.
Eustachio hits you but does no damage.
As you read the scroll labeled FEOLAPN WUNOEWN, it crumbles to dust.
You feel blessed for a moment.
It was a scroll of remove curse.
The bat hits you but does no damage.
The river rat bites you but does no damage.
You block the quokka's attack.
Okay, then.
As you read the scroll labeled EMIM KEXAV, it crumbles to dust.
It is a scroll of identify.
m - a scroll of recharging You block the bat's attack.
Eustachio hits you but does no damage. The river rat bites you.
You die...

.# #....# ########## .#
#....###........# .#
#......#.#......# .#
#......#.#......# # .#
#......#'#......# # .#
#.<............## #.##
.####..............# #.##
...................###########.##
...............b@................
...............r@r...............
.....................####....#.##
#.##.#.########......####....#.#
#..#.#.########......#.......#.##
#.##†#.......##......#...#####...
#....†....##.##..........'.......
####......## ##.#####...######..
.............# #.....@........'..


You could see Eustachio (inner flame), a river rat, a quokka and a bat.

Vanquished Creatures
  A hound (D:4)
  A bullfrog skeleton (D:3)
  Natasha (twice) (D:2)
  2 orc wizards
  A worker ant (D:4)
  8 adders
  A worm (D:4)
  A dart slug (D:3)
  3 leopard geckos
  6 orcs
  A ball python (D:3)
  8 bats
  4 giant cockroaches
  6 hobgoblins
  5 jackals
  3 frilled lizards
  5 goblins
  5 kobolds
  A quokka skeleton (D:4)
  6 rats
70 creatures vanquished.

Notes
Turn   | Place    | Note
-------+----------+-------------------------------------------
     0 | D:1      | Inchmeat the Barachi Fighter began the quest for the Orb.
     0 | D:1      | Reached XP level 1. HP: 18/18 MP: 1/1
    56 | D:1      | Reached skill level 3 in Long Blades
   122 | D:1      | Reached XP level 2. HP: 23/24 MP: 2/2
   359 | D:1      | You fall through a shaft!
   387 | D:2      | Reached skill level 4 in Long Blades
   387 | D:2      | Reached XP level 3. HP: 28/29 MP: 3/3
   664 | D:2      | Noticed Natasha
   677 | D:2      | Killed Natasha
   677 | D:2      | Reached skill level 5 in Long Blades
   677 | D:2      | Reached XP level 4. HP: 30/36 MP: 4/4
   873 | D:2      | Noticed Natasha
   878 | D:2      | Killed Natasha
   958 | D:2      | Found a glowing silver altar of Zin.
   959 | D:2      | Found a blossoming altar of Fedhas.
  1107 | D:3      | Reached XP level 5. HP: 39/41 MP: 5/5
  1111 | D:3      | Reached skill level 6 in Long Blades
  1248 | D:3      | Found a burning altar of Makhleb.
  1257 | D:3      | Became a worshipper of Makhleb the Destroyer
  1557 | D:3      | Reached skill level 7 in Long Blades
  1915 | D:4      | Reached skill level 1 in Dodging
  1915 | D:4      | Reached XP level 6. HP: 27/47 MP: 6/6
  2563 | D:4      | Noticed Eustachio
  2657 | D:4      | HP: 2/47 [Eustachio/wand of flame (?/48) (6)]
  2660 | D:4      | Slain by a river rat

Skill      XL: |  1  2  3  4  5 |
---------------+----------------+-----
Long Blades    | 3 4 5 7 |  7.8
Dodging        | 1 |  1.4
Fighting       | |  3.6
Armour         | |  3.6
Shields        | |  3.2

Action                   |  1- 3 |  4- 6 || total
-------------------------+-------+-------++-------
Melee: Long sword        |    87 |   267 ||   354
 Abil: Hop               |       |     2 ||     2
  Use: Potion            |       |     8 ||     8
       Scroll            |       |     5 ||     5
  Eat: Chunk             |       |     3 ||     3
       Bread ration      |       |     1 ||     1
Armor: Scale mail        |    48 |    39 ||    87
       Chain mail        |       |    96 ||    96
Dodge: Dodged            |    31 |    54 ||    85
Block: Shield            |    50 |   137 ||   187
       Rpst.: Long sword |    10 |    22 ||    32
